 Dungeon Crawl Stone Soup version 0.23.1-37-gaa34b87 (webtiles) character file.

Game seed: 17739188465114698125

392 dengdeng the Chopper (level 6, -4/55 HPs)
             Began as a Hill Orc Berserker on Mar 23, 2019.
             Was a Believer of Trog.
             Slain by an elf zombie (6 damage)
             ... in an ossuary.
             The game lasted 00:08:37 (3543 turns).

dengdeng the Chopper (Hill Orc Berserker)           Turns: 3543, Time: 00:08:38

Health: -4/55      AC:  9    Str: 22    XL:     6   Next: 81%
Magic:  6/6        EV:  9    Int:  7    God:    Trog [**....]
Gold:   168        SH:  8    Dex: 10    Spells: 5/5 levels left

rFire    . . .     SeeInvis .   y - +0 broad axe
rCold    . . .     Gourm    .   b - +0 shield
rNeg     . . .     Faith    .   s - +0 ring mail
rPois    .         Spirit   .   j - +0 helmet
rElec    .         Reflect  .   l - +0 cloak
rCorr    .         Harm     .   p - +0 pair of gloves (curse)
MR       .....                  (no boots)
Stlth    +.........             (no amulet)
HPRegen  0.18/turn              (no ring)
MPRegen  0.10/turn              (no ring)

@: berserk cooldown, slowed, very slow
A: no striking features
a: Berserk, Trog's Hand, Renounce Religion


You were in an ossuary.
You worshipped Trog.
Trog was pleased with you.
You were not hungry.

You visited 1 branch of the dungeon, and saw 4 of its levels.
You also visited: Ossuary.

You collected 168 gold pieces.

Inventory:

Hand Weapons
 a - a +0 hand axe
 y - a +0 broad axe (weapon)
Missiles
 e - 109 stones (quivered)
Armour
 b - a +0 shield (worn)
 j - a +0 helmet (worn)
 l - a +0 cloak (worn)
 p - a cursed +0 pair of gloves (worn)
 s - a +0 ring mail (worn)
 v - a +2 pair of gloves
Jewellery
 d - a cursed amulet of inaccuracy {unknown}
Scrolls
 f - 3 scrolls of enchant armour {unknown}
 g - 5 scrolls of identify {unknown}
 h - a scroll of teleportation {unknown}
 n - a scroll of enchant weapon {unknown}
 r - a scroll of remove curse {unknown}
 t - a scroll of amnesia {unknown}
 w - a scroll of immolation {unknown}
Potions
 i - 2 potions of curing {unknown}
 k - a potion of heal wounds {unknown}
 m - a potion of ambrosia {unknown}
 o - a potion of cancellation {unknown}
 q - a potion of brilliance {unknown}
 x - a potion of flight {unknown}
Comestibles
 c - 3 rations


   Skills:
 + Level 4.8 Fighting
 * Level 7.8 Axes
 + Level 0.1 Throwing
 + Level 3.0 Armour
 + Level 2.3 Dodging
 + Level 0.2 Stealth
 + Level 1.5 Shields


You had 5 spell levels left.
You didn't know any spells.
Your spell library was empty.

Dungeon Overview and Level Annotations

Branches:
Dungeon (5/15)
 Temple: D:4-7

Altars:
Hepliaklqana
Trog
Xom


Message History

The elf zombie is almost destroyed.
You slash the elf zombie!
You destroy the elf zombie!
Trog accepts your kill.
Your Armour skill increases to level 3!
You are no longer berserk.
You are exhausted.
You feel yourself slow down.
You slash the elf zombie!
The elf zombie is moderately damaged.
The elf zombie hits you but does no damage.
You slash the elf zombie!
The elf zombie is heavily damaged.
The elf zombie hits you.
* * * LOW HITPOINT WARNING * * *
You block the elf zombie's attack.
You barely miss the elf zombie.
The elf zombie is heavily damaged.
The elf zombie hits you.
You die...

###.###
##.....##
#.......#
.......
..... ...
#Z# #@#
###.###
##.....##
#.......#
##...∩...##
+...∩∩∩...+
##...∩...##
#.......#
##.....##


You could see an elf zombie.

Vanquished Creatures
  An elf zombie (Ossuary)
  2 centaur zombies (Ossuary)
  2 jellies
  2 orc priests (D:5)
  A worker ant (D:3)
  A mummy (Ossuary)
  4 adders
  A worm (D:2)
  A dart slug (D:1)
  2 leopard geckos
  An orc (D:5)
  7 bats
  5 giant cockroaches
  6 goblins
  5 hobgoblins
  2 jackals (D:2)
  13 kobolds
  3 ball pythons
  A frilled lizard (D:3)
  6 rats
66 creatures vanquished.

Notes
Turn   | Place    | Note
-------+----------+-------------------------------------------
     0 | D:1      | dengdeng the Hill Orc Berserker began the quest for the
                  | Orb.
     0 | D:1      | Reached XP level 1. HP: 19/19 MP: 1/1
   230 | D:1      | Reached XP level 2. HP: 22/27 MP: 2/2
   632 | D:1      | Reached XP level 3. HP: 15/33 MP: 3/3
   842 | D:1      | Reached skill level 5 in Axes
   849 | D:1      | Reached ** piety under Trog
  1279 | D:2      | Found a faded altar of an unknown god.
  1288 | D:2      | Found a bloodstained altar of Trog.
  1289 | D:2      | Found a hazy altar of Hepliaklqana.
  1294 | D:2      | Found a shimmering altar of Xom.
  1582 | D:2      | Reached XP level 4. HP: 38/40 MP: 4/4
  2066 | D:3      | Reached skill level 6 in Axes
  2433 | D:3      | Reached XP level 5. HP: 44/46 MP: 5/5
  2462 | D:3      | Reached skill level 1 in Shields
  2823 | D:3      | You fall through a shaft for 2 floors!
  2823 | D:5      | Entered Level 5 of the Dungeon
  3189 | D:5      | Reached skill level 7 in Axes
  3189 | D:5      | Reached XP level 6. HP: 11/53 MP: 6/6
  3489 | D:5      | Found a sand-covered staircase.
  3494 | Ossuary  | Entered an ossuary
  3542 | Ossuary  | HP: 1/55 [elf zombie (3)]
  3543 | Ossuary  | Slain by an elf zombie

Skill      XL: |  1  2  3  4  5  6 |
---------------+-------------------+-----
Fighting       | 4 |  4.8
Axes           | 5 6 7 |  7.8
Dodging        | 2 |  2.3
Shields        | 1 |  1.5
Armour         | 3 |  3.0
Throwing       | |  0.1
Stealth        | |  0.2

Action                   |  1- 3 |  4- 6 || total
-------------------------+-------+-------++-------
Melee: Hand axe          |   101 |    92 ||   193
       Broad axe         |       |    49 ||    49
Throw: Stone             |     4 |       ||     4
Invok: Berserk           |       |     1 ||     1
  Eat: Chunk             |     2 |     4 ||     6
       Ration            |       |     1 ||     1
Armor: Animal skin       |    17 |       ||    17
       Ring mail         |     5 |    42 ||    47
Dodge: Dodged            |    73 |    45 ||   118
Block: Shield            |     6 |    42 ||    48
